 Dungeon Crawl Stone Soup version 0.27-a0-401-gea03ee85fd (webtiles) character file.

Game seed: 16072249535388116400

7 rednaxela the Sneak (level 1, -1/9 HPs)
             Began as a Spriggan Enchanter on Feb 21, 2021.
             Slain by a hobgoblin
             ... wielding a +0 club
              (3 damage)
             ... on level 1 of the Dungeon.
             The game lasted 00:01:59 (451 turns).

rednaxela the Sneak (Spriggan Enchanter)             Turns: 451, Time: 00:02:00

Health: -1/9       AC:  2    Str:  4    XL:     1   Next: 91%
Magic:  5/5        EV: 17    Int: 16    God:
Gold:   39         SH:  0    Dex: 15    Spells: 5/6 levels left

rFire    . . .     SeeInvis +   a - +1 dagger
rCold    . . .     Faith    .   (shield restricted)
rNeg     . . .     Spirit   .   b - +0 robe
rPois    .         Reflect  .   (helmet restricted)
rElec    .         Harm     .   (no cloak)
rCorr    .         Rampage  .   (gloves unavailable)
Will     .....                  (boots unavailable)
Stlth    +++.......             (no amulet)
HPRegen  0.03/turn              (no ring)
MPRegen  0.09/turn              (no ring)

@: very quick
A: very small, unfitting armour, see invisible, speed 3
a: no special abilities


You were on level 1 of the Dungeon.
You visited 1 branch of the dungeon, and saw 3 of its levels.

You collected 39 gold pieces.

Inventory:

Hand Weapons
 a - a +1 dagger (weapon)
Armour
 b - a +0 robe (worn)
Scrolls
 d - a scroll of random uselessness {unknown}
 e - a scroll of identify {unknown}
 h - a scroll of fear {unknown}
Potions
 c - a potion of berserk rage {unknown}
 f - a potion of mutation {unknown}
 g - a potion of degeneration {unknown}


   Skills:
 - Level 1.1 Short Blades
 - Level 2.6 Dodging
 - Level 4.4 Stealth
 + Level 3.1 Spellcasting
 + Level 4.0 Hexes


You had 5 spell levels left.
You knew the following spells:

 Your Spells              Type           Power        Failure   Level
a - Corona                Hex            16%          3%          1

Your spell library contained the following spells:

 Spells                   Type           Power        Failure   Level
 Confusing Touch          Hex            15%          11%         3
 Tukima's Dance           Hex            15%          11%         3
 Ensorcelled Hibernation  Hex/Ice        16%          12%         2
 Dazzling Flash           Conj/Hex       16%          24%         3


Dungeon Overview and Level Annotations

Branches:
Dungeon (3/15)

Altars:


Innate Abilities, Weirdness & Mutations

You are very small and have problems with some larger weapons.
You are too small for most types of armour.
You have supernaturally acute eyesight. (SInv)
You cover ground extremely quickly.


Message History

The kobold closely misses you.
You hit the kobold.
You kill the kobold!
You see here a kobold corpse.
HP restored.
You now have 7 gold pieces.
A giant cockroach comes into view.
A giant cockroach is nearby!
A kobold comes into view.
The helpless giant cockroach fails to defend itself.
You impale the giant cockroach!!
You kill the giant cockroach!
Your Spellcasting skill increases to level 3!
The kobold barely misses you.
You hit the kobold.
The kobold is moderately wounded.
The kobold barely misses you.
You closely miss the kobold.
The kobold is moderately wounded.
The kobold closely misses you.
You closely miss the kobold.
The kobold is moderately wounded.
The kobold completely misses you.
You closely miss the kobold.
The kobold is moderately wounded.
The kobold misses you.
You hit the kobold.
The kobold is severely wounded.
The kobold barely misses you.
You hit the kobold but do no damage.
The kobold is severely wounded.
The kobold misses you.
You hit the kobold.
You kill the kobold!
Found a stone staircase leading down.
There is a stone staircase leading down here.
You now have 24 gold pieces (gained 17).
There is a stone staircase leading down here.
A hobgoblin comes into view. It is wielding a +0 club.
A hobgoblin is nearby!
Found a glowing ring mail.
A dart slug comes into view.
A frilled lizard comes into view.
The hobgoblin shouts!
Found a leather armour.
You see here 7 gold pieces.
Unknown command.
Casting: Corona (safe; 3% risk of failure)
Confirm with . or Enter, or press ? or * to list all spells.
Aiming: Corona (safe; 3% risk of failure)
Press: ? - help, Shift-Dir - straight line, f - hobgoblin
Aim: a hobgoblin, wielding a +0 club (chance to affect: 69%)
The hobgoblin is outlined in light.
The frilled lizard hisses angrily.
You hit the hobgoblin.
The hobgoblin is lightly wounded.
The hobgoblin hits you with a +0 club.
Ouch! That really hurt!
* * * LOW HITPOINT WARNING * * *
You hit the hobgoblin.
The hobgoblin is moderately wounded.
The hobgoblin closely misses you.
There is a stone staircase leading down here.
You climb downwards.
Found 10 gold pieces and a scroll labelled ESEMAY IXACIB.
There is a stone staircase leading up here.
You start resting.
Magic restored.
HP restored.
Found 15 gold pieces.
A kobold comes into view. It is wielding a +0 short sword.
Found a stone staircase leading down.
You see here a scroll labelled ESEMAY IXACIB.
Found a robe.
You barely miss the kobold.
The kobold hits you with a +0 short sword.
Ouch! That really hurt!
* * * LOW HITPOINT WARNING * * *
You hit the kobold but do no damage. The kobold misses you.
You see here a scroll labelled ESEMAY IXACIB.
h - a scroll labelled ESEMAY IXACIB
There is a stone staircase leading down here.
You climb downwards.
A goblin and a kobold come into view.
Found 12 arrows and 14 gold pieces.
There is a stone staircase leading up here.
The helpless goblin fails to defend itself.
You puncture the goblin!
You kill the goblin!
The kobold barely misses you.
Your Hexes skill increases to level 4!
The kobold completely misses you.
You climb upwards.
The kobold hits you with a +0 short sword.
* * * LOW HITPOINT WARNING * * *
There is a stone staircase leading down here.
You now have 39 gold pieces (gained 15).
There is a stone staircase leading up here.
You climb upwards.
The hobgoblin hits you with a +0 club.
You die...

#.#[....#.# .........[#
#.#..$#######
#.....lw....#
.......######.# #######
#g# #.# ########.### #.#
#.....@g...# #.#
#.######.#.# ###.# #.#
#.#.# ..#.# #.#
###.#.##### #.#.# ####.#
##.........#
#.#.###.##.###..#######.#
##.#.##...#.##...#
.(...#...........#
#..##............#


You could see a hobgoblin.

Vanquished Creatures
  2 giant cockroaches (D:1)
  A goblin (D:3)
  2 kobolds (D:1)
  A rat (D:1)
6 creatures vanquished.

Notes
Turn   | Place    | Note
-------+----------+-------------------------------------------
     0 | D:1      | rednaxela the Spriggan Enchanter began the quest for the
                  | Orb.
     0 | D:1      | Reached XP level 1. HP: 9/9 MP: 5/5
   197 | D:1      | Reached skill level 3 in Spellcasting
   434 | D:3      | Reached skill level 4 in Hexes
   451 | D:1      | Slain by a hobgoblin

Illustrated notes

Levels and vault maps discovered:
D:1:      dpeg_arrival_court, layout_loops_ring
D:2:      layout_basic, chequers_ecumenical_altar_simple,
          guppyfry_early_lair_pool, uniq_robin
D:3:      layout_rooms, ebering_ghost_rock_garden

Skill      XL: |  1 |
---------------+----+-----
Spellcasting   | 3 |  3.1
Hexes          | 4 |  4.0
Short Blades   | |  1.1
Dodging        | |  2.6
Stealth        | |  4.4

Action                   || total
-------------------------++-------
Melee: Dagger            ||    23
 Cast: Corona            ||     1
 Stab: Sleeping          ||     4
Armor: Robe              ||     1
Dodge: Dodged            ||    16

Table legend: (Time is in decaauts)
 A = Elapsed time spent in this place.
 B = Non-inter-level travel time spent in this place.
 C = Inter-level travel time spent in this place.
 D = Time resting spent in this place.
 E = Time spent auto-exploring this place.
 F = Levels seen in this place.
 G = Mean time per level.
                   A        B        C        D        E       F      G
               +--------+--------+--------+--------+--------+-----+--------+
         Total |    362 |    362 |      0 |    148 |    129 |   3 |  120.7 |
       Dungeon |    362 |    362 |      0 |    148 |    129 |   3 |  120.7 |
               +--------+--------+--------+--------+--------+-----+--------+

Top non-repeatable levels by time:
     D:1: 184 daAuts
     D:2: 175 daAuts
     D:3: 2 daAuts
